 Dungeon Crawl Stone Soup version 0.29-a0-251-g80730f7218 (webtiles) character file.

Game seed: 1365803625457869365

2 Norrang the Insei (level 1, -3/13 HPs)
             Began as an Octopode Transmuter on Mar 5, 2022.
             Slain by a quokka (5 damage)
             ... on level 1 of the Dungeon.
             The game lasted 00:01:27 (69 turns).

Norrang the Insei (Octopode Transmuter)               Turns: 69, Time: 00:01:28

Health: -3/13      AC:  1    Str:  9    XL:     1   Next: 40%
Magic:  3/3        EV: 10    Int: 15    God:
Gold:   0          SH:  0    Dex: 18    Spells: 3/4 levels left

rFire   . . .      SeeInvis .     - Unarmed
rCold   . . .      Faith    .   (no shield)
rNeg    . . .      Spirit   .   (helmet restricted)
rPois   .          Reflect  .   (no amulet)
rElec   .          Harm     .   a - +6 ring of dexterity
rCorr   .          Rampage  .   (no ring)
Will    .....                   (no ring)
Stlth   +++.......              (no ring)
HPRegen 0.04/turn               (no ring)
MPRegen 0.08/turn               (no ring)
                                (no ring)
                                (no ring)

@: constricted
A: almost no armour, amphibious, 8 rings, camouflage 1, gelatinous body 1,
(nimble swimmer 1), tentacles
a: no special abilities


You were on level 1 of the Dungeon.
You visited 1 branch of the dungeon, and saw 1 of its levels.

Inventory:

Jewellery
 a - a +6 ring of dexterity (left tentacle)
Scrolls
 b - a scroll of magic mapping {unknown}


   Skills:
 * Level 1.1 Fighting
 - Level 2.0 Dodging
 * Level 0.4 Stealth
 - Level 3.0 Unarmed Combat
 - Level 2.0 Spellcasting
 * Level 2.1 Transmutations


You had 3 spell levels left.
You knew the following spells:

 Your Spells              Type           Power      Damage    Failure   Level
a - Beastly Appendage     Tmut           14%        N/A       10%         1

Your spell library contained the following spells:

 Spells                   Type           Power      Damage    Failure   Level
 Wereblood                Tmut           7%         N/A       14%         2
 Spider Form              Tmut/Pois      4%         N/A       41%         3
 Ice Form                 Ice/Tmut       4%         N/A       82%         4


Dungeon Overview and Level Annotations

Branches:
Dungeon (1/15)

Altars:


Innate Abilities, Weirdness & Mutations

You cannot wear most types of armour.
You are amphibious.
You can wear up to eight rings at the same time.
Your skin changes colour to match your surroundings (Stealth+).
Your rubbery body absorbs attacks. (AC +1, EV +1)
((You are camouflaged when in or above water. (Stealth+)))
You have tentacles for arms and can constrict up to eight enemies at once.


Message History

Your tentacle spike disappears.
You see here 5 poisoned darts.
Found a scroll labelled URUN TAONORANT.
b - a scroll labelled URUN TAONORANT A hobgoblin comes into view.
The helpless hobgoblin fails to defend itself.
You tentacle-slap the hobgoblin. You grab the hobgoblin.
The hobgoblin is moderately wounded.
You constrict the hobgoblin, but do no damage.
The hobgoblin hits you.
You tentacle-slap the hobgoblin.
The hobgoblin is heavily wounded.
You constrict the hobgoblin, but do no damage.
The hobgoblin hits you.
You tentacle-slap the hobgoblin.
The hobgoblin is severely wounded.
You constrict the hobgoblin. The hobgoblin misses you.
You tentacle-slap the hobgoblin but do no damage.
You squeeze the hobgoblin.
You kill the hobgoblin!
You see here a hobgoblin corpse.
A quokka and a ball python come into view.
A giant cockroach comes into view.
The ball python hisses angrily.
The ball python barely misses you. The ball python closely misses you.
The ball python misses you. The ball python grabs you.
The ball python constricts you. The quokka barely misses you.
You tentacle-slap the quokka but do no damage.
Your grab misses the quokka.
You squeeze the quokka, but do no damage.
The ball python barely misses you. The ball python constricts you.
The quokka bites you.
* * * LOW HITPOINT WARNING * * *
You tentacle-slap the quokka but do no damage.
Your grab misses the quokka. You squeeze the quokka.
The quokka is heavily wounded.
The ball python closely misses you. The ball python constricts you.
* * * LOW HITPOINT WARNING * * *
The quokka bites you.
You die...

#.####### #.##
######. #..#
....... ##.#
....... #.#
....... #.###
....... #..†#
.......
###.###S......
#.#.@rB..#
#.#.####.#
#......#
###.##...# #.#
.... #.# .##
#.. .. ### #


You could see a quokka, a giant cockroach and a ball python.

Vanquished Creatures
  An endoplasm (D:1)
  A hobgoblin (D:1)
2 creatures vanquished.

Notes
Turn   | Place    | Note
-------+----------+-------------------------------------------
     0 | D:1      | Norrang the Octopode Transmuter began the quest for the
                  | Orb.
     0 | D:1      | Reached XP level 1. HP: 13/13 MP: 3/3
    69 | D:1      | Slain by a quokka

Illustrated notes

Levels and vault maps discovered:
D:1:      ncdulo_watergridlock, layout_loops_cross

Action                   || total
-------------------------++-------
Melee: Unarmed           ||    11
       Tentacles         ||     4
       Constrict         ||     1
       Kick              ||     1
 Cast: Beastly Appendage ||     3
 Stab: Sleeping          ||     1
Dodge: Dodged            ||     9

Table legend: (Time is in decaauts)
 A = Elapsed time spent in this place.
 B = Non-inter-level travel time spent in this place.
 C = Inter-level travel time spent in this place.
 D = Time resting spent in this place.
 E = Time spent auto-exploring this place.
 F = Levels seen in this place.
 G = Mean time per level.
                   A        B        C        D        E       F      G
               +--------+--------+--------+--------+--------+-----+--------+
         Total |     68 |     36 |     32 |      0 |      0 |   1 |   68.0 |
       Dungeon |     68 |     36 |     32 |      0 |      0 |   1 |   68.0 |
               +--------+--------+--------+--------+--------+-----+--------+

Top non-repeatable levels by time:
     D:1: 68 daAuts
